Description

Macro build from ByuN vs Rogue

Build Order

Get SALT Encoding   

  13  0:13  Overlord  
  16  0:50  Hatchery  
  18  1:10  Extractor  
  17  1:14  Spawning Pool  
  21  2:02  Queen x2  
  28  2:14  Overlord  
  28  2:23  Hatchery  
  31  2:40  Queen  
  33  2:44  Metabolic Boost  
  33  2:49  Overlord  
  42  3:15  Overlord  
  42  3:17  Queen  
  44  3:33  Queen  
  46  3:34  Overlord  
  46  3:37  Zergling x4  
  50  3:42  Queen  
  57  3:55  Queen  
  66  4:16  Zergling x3  
  69  4:19  Queen  
  74  4:27  Baneling Nest  
  73  4:34  Lair  
  72  4:35  Extractor  
  71  4:36  Overlord x2  
Spawning Tool Build Advisor. Get it on Overwolf

Go to:

Details

  • Created by: Jummy
  • Published on: Mar 24, 2022
  • Modified on: Mar 24, 2022
  • Patch: 4.11.0
  • Difficulty: Medium
Show
View Real Time Build Order
Export as new Build Order

Comments (0)

There are no comments. Be the first!

Create an account to comment!